AoeStats
← kingike14

Pilgrims

508037074Analyzed
4v4 RM · 11d ago on Sep 20, 2026· 54m 12s· 8 players
Game mode
Random Map
Map size
Large (8 player)
Population
200
Speed
Normal
Resources
Standard
Victory
Conquest
Starting age
Dark Age
Ending age
Imperial Age
RankedLock teamsTeams togetherTeam positionsShared explorationLock speedFull tech treeHidden civsTurbo modeCheats
Victory
Defeat
🇹🇷 Cumans · Türkiye
1165
+15
🇦🇹 Byzantines · Austria
1152
+15
🇨🇿 Mongols · Czechia
1128
+16
🇬🇧 Japanese · United Kingdom
1092
+18
🇺🇸 Chinese · United States
1150
-17
🇧🇷 Dravidians · Brazil
1144
-16
🇨🇳 Lithuanians · China
1142
-16
🇲🇽 Vietnamese · Mexico
1115
-15
TANA
9:21 Loom
12:38 Feudal Age
13:20 Double-Bit Axe
20:58 Castle Age
20:25 Fishing Lines
25:55 Bloodlines
26:39 Bow Saw
27:05 Wheelbarrow
28:44 Scale Barding Armor
30:50 Horse Collar
31:43 Forging
33:21 Light Cavalry
35:17 Heavy Plow
35:31 Gold Mining
38:18 Imperial Age
37:44 Chain Barding Armor
38:38 Cavalier
38:41 Hussar
40:32 Plate Barding Armor
43:53 Iron Casting
45:45 Stone Mining
46:28 Crop Rotation
49:53 Two-Man Saw
49:19 Hand Cart
48:50 Town Watch
50:52 Blast Furnace
49:52 Paladin
52:53 Town Patrol
53:37 Gold Shaft Mining
Botgamer928
11:53 Loom
14:21 Feudal Age
16:11 Fishing Lines
19:58 Castle Age
18:38 Arson
19:06 Forging
18:46 Double-Bit Axe
21:04 Gillnets
21:26 Gold Mining
22:21 Squires
23:20 Scale Mail Armor
29:59 Iron Casting
29:39 Chain Mail Armor
31:13 Chain Mail Armor
32:01 Wheelbarrow
32:14 Horse Collar
37:06 Imperial Age
35:07 Bow Saw
37:46 Hand Cart
37:50 Clinker Construction
37:21 Treadmill Crane
37:38 Fletching
38:10 Conscription
37:13 Elite Samurai
38:41 Bodkin Arrow
38:46 Padded Archer Armor
39:49 Blast Furnace
39:20 Plate Mail Armor
40:13 Kataparuto
40:03 Siege Engineers
40:58 Chemistry
39:51 Town Watch
42:39 Yasama
43:43 Gold Shaft Mining
42:58 Stone Mining
43:48 Carvel Hull
52:29 Fervor
52:39 Sanctity
52:22 Yasama
54:08 Town Patrol
54:48 Hoardings
54:15 Devotion
ggnoteam
7:11 Loom
10:14 Loom
12:47 Feudal Age
11:03 Loom
13:23 Double-Bit Axe
14:16 Wheelbarrow
15:02 Fishing Lines
21:54 Castle Age
19:49 Gold Mining
19:49 Stone Mining
22:51 Medium Warships
22:32 Gillnets
22:56 Bow Saw
23:04 Hand Cart
23:47 Forging
23:42 Scale Barding Armor
27:51 Husbandry
29:48 Iron Casting
31:06 Chain Barding Armor
35:13 Imperial Age
33:21 Gold Shaft Mining
37:41 Plate Barding Armor
40:13 Heavy Camel Rider
43:08 Two-Man Saw
45:06 Cavalier
49:34 Paladin
51:55 Horse Collar
51:42 Demolition Ship
52:54 Heavy Warships
52:06 Capped Ram
52:09 Onager
54:01 Siege Ram
Quelt
4:16 Loom
11:58 Feudal Age
13:48 Wheelbarrow
14:11 Double-Bit Axe
17:51 Castle Age
16:06 Fishing Lines
16:43 Gold Mining
19:40 Horse Collar
25:17 Fervor
27:06 Gold Shaft Mining
28:37 Bow Saw
32:25 Imperial Age
29:59 Husbandry
30:18 Bloodlines
30:45 Nomads
33:26 Scale Barding Armor
33:31 Forging
34:37 Chain Barding Armor
35:31 Iron Casting
36:15 Elite Steppe Lancer
38:11 Blast Furnace
37:20 Stone Mining
37:55 Heavy Plow
kingike14
11:03 Feudal Age
14:47 Double-Bit Axe
17:43 Castle Age
15:48 Fletching
19:14 Bodkin Arrow
18:41 Crossbowman
20:41 Scale Mail Armor
24:28 Wheelbarrow
24:22 Horse Collar
27:12 Loom
27:43 Hand Cart
27:43 Town Watch
28:54 Padded Archer Armor
32:42 Town Patrol
35:28 Chain Mail Armor
35:24 Forging
HAHA
4:31 Loom
12:46 Feudal Age
14:07 Double-Bit Axe
14:17 Gold Mining
17:31 Padded Archer Armor
17:21 Fletching
20:45 Castle Age
21:58 Bodkin Arrow
22:18 Leather Archer Armor
21:43 Demolition Ship
25:21 Wheelbarrow
24:41 Town Watch
26:28 Bow Saw
26:01 Horse Collar
26:50 Ballistics
27:31 Hand Cart
31:14 Thumb Ring
31:56 Heavy Plow
34:15 Man-at-Arms
46:34 Imperial Age
44:53 Town Patrol
44:58 Murder Holes
45:13 Masonry
45:14 Fortified Wall
46:57 Elite Elephant Archer
48:29 Bracer
49:00 Ring Archer Armor
49:32 Two-Man Saw
51:01 Conscription
50:10 Pikeman
53:23 Conscription
54:44 Chemistry
53:11 Halberdier
IceFish
5:13 Loom
13:54 Feudal Age
14:21 Double-Bit Axe
14:20 Fishing Lines
18:38 Castle Age
16:51 Stone Mining
17:48 Forging
18:16 Gold Mining
18:33 Scale Barding Armor
19:13 Gillnets
19:36 Bow Saw
19:10 Horse Collar
19:55 Heavy Plow
21:37 Town Watch
22:46 Wheelbarrow
22:54 Fletching
23:23 Murder Holes
23:51 Ballistics
25:34 Hand Cart
25:08 Demolition Ship
32:10 Imperial Age
30:25 Medium Warships
31:47 Iron Casting
31:33 Chain Barding Armor
32:47 Masonry
34:06 Crop Rotation
34:43 Two-Man Saw
34:47 Plate Barding Armor
34:07 Bodkin Arrow
34:47 Padded Archer Armor
34:52 Bracer
34:29 Elite Leitis
35:29 Conscription
34:55 Treadmill Crane
37:33 Chemistry
36:51 Leather Archer Armor
37:55 Scale Mail Armor
MZTK | ___Jaque_mate
7:58 Loom
10:32 Feudal Age
Connection lost

Rejoining the realm…

Still unreachable

The connection could not be restored.

Session expired

The server has moved on; the page needs a fresh start.